Map: 나이트쉐이드 - 래더

Players

Bunny - Winner!

  • Race: Terran Terran
  • Spawn Location: 5:00

TIME (Oliveira)

  • Race: Terran Terran
  • League: Grandmaster
  • Spawn Location: 11:00

VOD

Have the link to the VOD?

Description

Time

  • Played on: Jan. 16, 2020, 4:22 a.m.
  • Length: 16:34
Show
View Real Time Build Order
Export as new Build Order

Bunny Terran - Winner!

Build Orders: Gas First Reaper Expand, Liberator Opening 

Get SALT Encoding   

  12  0:01  SCV  
  13  0:13  SCV  
  14  0:18  Supply Depot  
  14  0:25  SCV  
  14  0:27  Refinery  
  15  0:39  SCV  
  16  0:44  Barracks  
  16  0:51  SCV  
  17  1:03  SCV  
  18  1:15  SCV  
  19  1:30  Orbital Command  
  19  1:31  Reaper  
  20  1:43  Command Center  
  20  1:56  Factory  
  20  1:58  SCV  
  21  2:05  Barracks Reactor  
  21  2:10  Supply Depot  
  21  2:12  SCV  
  22  2:18  Refinery  
  22  2:24  SCV  
  23  2:37  SCV  
  24  2:42  Starport  
  24  2:46  Hellion x2  
  24  2:51  SCV  
  29  2:55  Orbital Command  
  29  3:01  Liberator  
  29  3:03  SCV  
  30  3:07  Hellion  
  30  3:08  Hellion  
  34  3:15  SCV  
  38  3:21  SCV  
  39  3:29  Hellion x2  
  39  3:32  Supply Depot  
  39  3:34  SCV  
  44  3:35  SCV  
  44  3:39  Barracks Tech Lab  
  45  3:46  SCV  
  46  3:54  SCV, Hellion x2  
  51  3:56  Supply Depot  
  51  3:58  SCV  
  52  4:06  SCV, Barracks Tech Lab  
  53  4:10  SCV  
  53  4:14  Supply Depot  
  54  4:18  Raven, SCV  
  54  4:22  SCV  
  58  4:27  Command Center  
  58  4:28  Cyclone  
  61  4:36  Marine x2  
  50  4:46  SCV x2  
  50  4:52  Bunker  
  48  4:53  Refinery  
  48  4:54  Marine x2, Refinery  
  48  4:58  SCV  
  48  4:59  SCV  
  52  5:00  Siege Tank  
  55  5:10  SCV  
  55  5:11  SCV  
  57  5:16  Barracks  
  57  5:17  Barracks  
  57  5:19  Raven  
  57  5:20  Supply Depot  
  59  5:21  Marine x2  
  59  5:23  SCV x2  
  63  5:34  Siege Tank  
  63  5:35  SCV x2  
  68  5:40  Orbital Command  
  68  5:46  Marine  
  68  5:47  Marine  
  68  5:48  SCV x2  
  68  5:49  Engineering Bay  
  72  5:50  Engineering Bay  
  72  6:00  SCV x2  
  74  6:07  Barracks Tech Lab  
  74  6:11  Viking  
  74  6:12  Stimpack, Viking  
  73  6:19  Marine  
  73  6:21  Barracks Reactor  
  73  6:23  Siege Tank  
  77  6:32  SCV x2  
  71  6:33  SCV  
  71  6:35  Marine, Combat Shield  
  71  6:37  Marine  
  74  6:41  Viking  
  74  6:42  Viking  
  60  7:10  Marine x4  
  60  7:11  Viking  
  60  7:13  Siege Tank  
  63  7:19  SCV x3  
  57  7:31  SCV x3  
  57  7:34  Supply Depot, Terran Infantry Weapons Level 1  
  57  7:35  Marine x4  
  60  7:42  Barracks x2  
  58  7:53  Marine x4  
  58  7:54  Siege Tank  
  58  7:57  Supply Depot  
  65  8:04  Medivac  
  63  8:07  SCV x2, Orbital Command  
  64  8:14  Marine x4  
  64  8:19  SCV x2  
  70  8:24  Supply Depot, Terran Infantry Armor Level 1  
  70  8:26  Siege Tank  
  73  8:30  Barracks Reactor  
  73  8:31  Marine  
  73  8:32  Marine x3  
  73  8:33  SCV  
  78  8:34  Barracks Reactor  
  78  8:42  SCV x2  
  78  8:44  Medivac  
  78  8:45  SCV  
  83  8:49  Marine x3  
  83  8:50  Marine  
  83  8:53  Medivac, Refinery  
  89  8:55  SCV  
  89  8:56  SCV  
  89  8:57  SCV  
  89  8:59  Supply Depot  
  92  9:03  Siege Tank  
  92  9:07  Marine x4  
  92  9:08  SCV x2  
  102  9:10  SCV, Missile Turret  
  102  9:13  Armory  
  102  9:18  Supply Depot, Missile Turret  
  102  9:19  Marine  
  102  9:20  SCV x2  
  102  9:22  SCV  
  106  9:25  Marine x3, Refinery  
  106  9:26  Marine  
  100  9:31  Medivac  
  100  9:32  Medivac  
  100  9:33  Marine  
  100  9:34  Marine x2  
  100  9:35  SCV  
  100  9:37  SCV  
  100  9:38  SCV  
  110  9:39  Marine  
  110  9:43  Marine x3  
  110  9:45  Siege Tank  
  117  9:50  SCV x3  
  120  9:54  Supply Depot  
  120  10:00  Marine x3, Supply Depot x2  
  120  10:05  Terran Infantry Weapons Level 2  
  123  10:09  Terran Vehicle Weapons Level 1  
  123  10:14  Command Center  
  123  10:19  Siege Tank  
  123  10:20  Sensor Tower  
  123  10:21  Marine x3  
  127  10:23  Marine x2  
  127  10:27  Viking  
  133  10:30  Viking  
  133  10:32  Marine x2  
  133  10:34  Marine  
  138  10:39  Marine, Terran Infantry Armor Level 2  
  139  10:48  SCV x2, Supply Depot  
  139  10:49  SCV  
  142  10:51  Missile Turret  
  142  10:52  Marine  
  142  10:53  Marine x3  
  142  10:56  Sensor Tower  
  146  10:57  Viking  
  148  11:10  Supply Depot x2, Viking, Siege Tank  
  153  11:16  Factory, Barracks Reactor  
  153  11:22  Barracks Reactor  
  153  11:23  Marine x4  
  157  11:26  Marine x2  
  157  11:28  Planetary Fortress  
  157  11:31  Refinery, Viking  
  161  11:41  Marine  
  161  11:42  Siege Tank  
  161  11:43  Marine x3  
  161  11:44  Marine x2  
  169  11:49  Viking  
  171  11:54  SCV x3  
  171  11:58  Refinery  
  171  11:59  Marine  
  171  12:00  Siege Tank  
  171  12:01  Marine, Viking  
  181  12:11  Marine  
  181  12:12  Marine x6  
  187  12:18  Supply Depot  
  187  12:20  Supply Depot  
  187  12:32  Barracks, Terran Infantry Weapons Level 3  
  187  12:33  Barracks x2  
  187  12:36  Terran Vehicle Weapons Level 2  
  187  12:39  Viking x2  
  187  12:40  Siege Tank  
  194  12:45  Fusion Core  
  194  12:46  Starport  
  194  13:03  Terran Infantry Armor Level 3  
  194  13:09  Command Center  
  194  13:13  Command Center  
  194  13:14  Viking x2  
  196  13:24  Siege Tank x2  
  167  13:27  Viking  
  167  13:29  Marine x2  
  144  13:37  Marine x4  
  144  13:38  Liberator  
  144  13:40  Marine x2  
  144  13:41  Marine  
  148  13:44  Marine x2  
  150  13:48  Liberator  
  150  13:50  Liberator  
  150  13:51  Marine x3  
  150  13:54  Marine  
  150  13:55  Marine  
  159  13:56  Advanced Ballistics, Siege Tank  
  154  14:09  Siege Tank  
  149  14:25  Marine  
  149  14:26  Marine x11  
  149  14:31  Siege Tank  
  161  14:35  Marine  
  161  14:36  Liberator x3  
  162  14:38  Orbital Command  
  162  14:43  Marine  
  162  14:44  Marine x4  
  167  14:59  Siege Tank  
  175  15:03  Siege Tank  
  175  15:04  Marine x7  
  175  15:06  Planetary Fortress  
  185  15:24  Missile Turret x2  
  185  15:25  Liberator x3  
  185  15:27  Starport  
  185  15:28  Starport  
  194  15:51  Sensor Tower  
  194  15:53  Missile Turret  
Show
View Real Time Build Order
Export as new Build Order

TIME Terran 

Build Orders: Reaper Expand 

Get SALT Encoding   

  12  0:01  SCV  
  13  0:13  SCV  
  14  0:18  Supply Depot  
  14  0:25  SCV  
  15  0:40  SCV  
  15  0:41  Barracks  
  16  0:44  Refinery  
  16  0:52  SCV  
  18  1:04  SCV  
  18  1:16  SCV  
  19  1:28  Reaper  
  19  1:29  Orbital Command  
  20  1:40  Command Center  
  20  1:47  Supply Depot  
  20  1:55  SCV  
  20  2:00  Marine  
  22  2:08  SCV  
  23  2:11  Factory  
  23  2:13  Refinery  
  23  2:20  SCV  
  23  2:22  Barracks Reactor  
  24  2:27  Bunker  
  24  2:32  SCV  
  25  2:44  SCV  
  26  2:55  Starport, Hellion  
  26  2:57  Orbital Command  
  28  3:00  SCV, Marine x2  
  28  3:03  Orbital Command  
  31  3:12  SCV  
  32  3:17  Factory Tech Lab  
  32  3:18  Marine x2  
  34  3:24  SCV  
  35  3:29  SCV  
  35  3:31  Refinery  
  36  3:36  Marine x2, SCV  
  36  3:38  Supply Depot  
  36  3:39  Raven  
  36  3:40  Factory Tech Lab  
  41  3:41  SCV  
  43  3:48  SCV  
  43  3:53  SCV  
  43  3:54  Marine x2  
  46  4:00  SCV  
  46  4:02  Cyclone  
  50  4:03  Supply Depot  
  50  4:05  SCV, Supply Depot  
  51  4:15  SCV, Liberator  
  54  4:24  SCV  
  54  4:28  SCV  
  54  4:29  Supply Depot  
  54  4:34  Siege Tank  
  58  4:42  SCV  
  58  4:45  SCV  
  49  4:47  Marine  
  50  4:54  SCV  
  50  4:56  Viking  
  50  4:59  SCV  
  54  5:05  Marine  
  54  5:06  SCV  
  56  5:07  Siege Tank  
  56  5:11  SCV  
  60  5:15  Viking  
  60  5:19  SCV  
  63  5:23  Marine, SCV  
  63  5:25  Supply Depot  
  65  5:35  SCV  
  66  5:37  Viking  
  66  5:40  Marine, Siege Tank  
  72  5:44  SCV  
  72  5:50  SCV  
  73  6:01  Viking  
  75  6:10  Viking  
  77  6:16  SCV x2  
  79  6:19  Supply Depot  
  79  6:20  Siege Tank  
  79  6:22  Marine  
  83  6:32  SCV  
  81  6:40  Supply Depot  
  81  6:44  Viking  
  81  6:49  Viking  
  83  6:56  SCV  
  83  6:58  Siege Tank  
  65  7:14  Viking  
  60  7:17  Marine  
  60  7:20  Viking  
  53  7:23  SCV  
  53  7:26  Stimpack  
  53  7:27  SCV  
  53  7:34  Marine  
  53  7:35  SCV  
  55  7:39  SCV  
  55  7:42  Siege Tank  
  59  7:47  SCV  
  59  7:51  SCV  
  61  7:52  Marine  
  59  7:59  SCV  
  59  8:00  Viking  
  58  8:05  SCV  
  58  8:11  Command Center  
  59  8:14  Marine, Siege Tank  
  59  8:15  SCV  
  59  8:18  SCV, Viking  
  67  8:26  Barracks  
  67  8:28  SCV, Barracks  
  67  8:33  Marine, Engineering Bay  
  67  8:34  Engineering Bay  
  69  8:35  Viking  
  69  8:39  SCV  
  72  8:42  SCV  
  72  8:45  Refinery  
  73  8:51  Marine  
  73  8:52  Viking, Siege Tank  
  80  8:55  SCV  
  80  8:57  SCV  
  81  9:04  Terran Infantry Weapons Level 1  
  81  9:09  SCV  
  82  9:10  Barracks  
  82  9:11  Barracks  
  82  9:15  Barracks Reactor x2  
  82  9:17  SCV  
  82  9:21  SCV  
  82  9:23  Marine  
  85  9:25  Orbital Command  
  85  9:26  Combat Shield  
  85  9:30  SCV  
  86  9:33  SCV  
  86  9:35  Terran Infantry Armor Level 1  
  87  9:41  Marine  
  87  9:42  SCV  
  87  9:44  Siege Tank  
  92  9:48  Missile Turret  
  92  9:49  Missile Turret x2  
  92  9:53  Marine x4  
  92  9:56  Orbital Command  
  92  9:58  Barracks Reactor x2  
  92  9:59  Marine  
  97  10:00  SCV  
  97  10:05  SCV  
  99  10:11  Marine x2  
  101  10:14  Marine x2  
  101  10:16  Armory, Viking  
  101  10:18  Marine  
  106  10:24  SCV, Sensor Tower  
  107  10:28  Marine  
  107  10:29  Marine  
  107  10:32  Marine  
  107  10:35  Siege Tank  
  113  10:38  Refinery  
  113  10:39  Refinery  
  113  10:40  Marine, Supply Depot x2  
  114  10:43  Medivac  
  114  10:44  SCV  
  117  10:57  Supply Depot  
  117  11:01  Marine x5, SCV x2  
  117  11:02  Marine x2  
  117  11:03  Marine  
  127  11:07  Terran Infantry Weapons Level 2  
  127  11:10  Marine, Siege Tank  
  131  11:11  Medivac  
  133  11:18  SCV  
  133  11:19  Marine x3, Supply Depot x3  
  133  11:23  Terran Vehicle Weapons Level 1  
  133  11:24  SCV  
  133  11:25  Marine x2  
  140  11:28  SCV  
  140  11:31  Supply Depot  
  141  11:33  Terran Infantry Armor Level 2  
  141  11:39  Factory  
  141  11:40  Marine x2  
  141  11:41  Marine x2  
  141  11:44  Barracks Reactor  
  141  11:45  Marine x4  
  148  11:53  Siege Tank  
  151  11:55  SCV  
  151  11:58  Marine x2, SCV  
  151  12:01  Medivac x2  
  159  12:02  Marine  
  159  12:08  Marine  
  161  12:11  Marine x3  
  161  12:13  Command Center  
  161  12:14  Supply Depot  
  164  12:16  Supply Depot  
  164  12:17  Marine x3  
  164  12:21  Marine  
  164  12:22  Marine  
  170  12:27  Siege Tank  
  172  12:31  Supply Depot  
  172  12:33  Supply Depot  
  172  12:34  Marine  
  172  12:35  Marine  
  172  12:36  Siege Tank  
  177  12:37  Marine  
  177  12:41  Marine x4  
  177  12:42  Marine x2  
  183  12:46  Viking  
  183  12:47  Supply Depot  
  183  12:51  Marine  
  186  12:58  Marine  
  186  12:59  Marine x2  
  186  13:03  Marine  
  186  13:05  Marine x2  
  192  13:06  Marine  
  192  13:07  Siege Tank  
  192  13:08  Viking  
  198  13:15  Marine  
  159  13:29  Marine x2  
  159  13:30  Marine  
  159  13:31  Marine  
  159  13:33  Marine x3  
  130  13:34  Siege Tank  
  130  13:35  Marine, Viking  
  130  13:36  Marine  
  130  13:38  Marine  
  130  13:41  Terran Infantry Weapons Level 3  
  138  13:47  Marine x2  
  138  13:48  Marine  
  144  13:49  Marine  
  144  13:50  Thor  
  142  14:03  Marine  
  142  14:04  Marine  
  142  14:06  Siege Tank  
  144  14:11  Liberator x2  
  123  14:24  Marine x3  
  123  14:25  Marine x2  
  123  14:29  Marine x5  
  134  14:32  Planetary Fortress  
  134  14:42  Marine x2  
  134  14:43  Marine  
  138  14:54  SCV  
  138  14:56  SCV  
  138  14:59  SCV  
  131  15:00  Marine  
  131  15:01  Siege Tank  
  131  15:05  Siege Tank  
  137  15:08  Marine x3  
  137  15:11  Marine  
  137  15:12  Marine  
  142  15:16  Marine  
  142  15:17  Marine x2  
  145  15:24  Marine x2  
  145  15:27  Medivac x2  
  151  15:29  Marine x2  
  153  15:39  Marine x2  
  153  15:40  Siege Tank  
  153  15:42  Siege Tank  
  161  15:48  Marine  
  161  15:51  Marine x2  
  159  15:59  Marine x2  
  159  16:03  Medivac x2  
  159  16:10  Marine  
  148  16:12  Marine x2  
  148  16:13  Marine x2  
  148  16:15  Marine  
Tags
 
Add a new tag
Caveats
  • Supply blocks, unpowered buildings, or Contaminate may cause inaccurate times.
  • Supply counts are checked every 10 seconds.